 Dungeon Crawl Stone Soup version 0.23.2-40-g277498a001 (webtiles) character file.

Game seed: 9451698045122518660

795 FishyPogo the Destroyer (level 7, -5/36 HPs)
             Began as a Tengu Conjurer on Oct 6, 2019.
             Was a Believer of Zin.
             Killed from afar by a gnoll (19 damage)
             ... with a wand of acid (7)
             ... on level 5 of the Dungeon.
             The game lasted 00:16:55 (3909 turns).

FishyPogo the Destroyer (Tengu Conjurer)            Turns: 3909, Time: 00:16:55

Health: -5/36      AC:  5    Str:  8    XL:     7   Next: 89%
Magic:  12/13      EV: 15    Int: 17    God:    Zin [**....]
Gold:   190        SH:  0    Dex: 15    Spells: 4/13 levels left

rFire    + . .     SeeInvis .   a - +2 dagger (venom)
rCold    + . .     Gourm    .   (no shield)
rNeg     . . .     Faith    .   n - +0 robe
rPois    .         Spirit   .   (helmet restricted)
rElec    .         Reflect  .   g - scarf {rC+ rF+}
rCorr    .         Harm     .   h - +2 pair of gloves
MR       .....                  (boots unavailable)
Stlth    ++........             (no amulet)
HPRegen  0.12/turn              (no ring)
MPRegen  0.13/turn              (no ring)

@: drained
A: beak, talons 3, able to fly
a: Fly, Recite, Vitalisation, Donate Gold, Renounce Religion


You were on level 5 of the Dungeon.
You worshipped Zin.
Zin was pleased with you.
You were not hungry.

You visited 1 branch of the dungeon, and saw 5 of its levels.

You collected 211 gold pieces.
You donated 21 gold pieces to Zin.

Inventory:

Hand Weapons
 a - a +2 dagger of venom (weapon)
 i - a +1 whip of holy wrath
Missiles
 j - 159 stones (quivered)
Armour
 g - a scarf of resistance (worn)
 h - a +2 pair of gloves (worn)
 n - a +0 robe (worn)
Scrolls
 b - a scroll of enchant weapon {unknown}
 d - 8 scrolls of identify {unknown}
 e - 2 scrolls of remove curse {unknown}
 k - 2 scrolls of enchant armour {unknown}
 l - 3 scrolls of teleportation {unknown}
 m - 2 scrolls of noise {unknown}
 o - 2 scrolls of amnesia {unknown}
Potions
 f - a potion of agility
 p - 2 potions of degeneration {unknown}
 q - a potion of heal wounds {unknown}
 s - 2 potions of curing {unknown}
Comestibles
 c - 13 rations
 r - a chunk of flesh


   Skills:
 - Level 2.0(1.4) Short Blades
 * Level 5.8(5.1) Dodging
 - Level 2.0(1.3) Stealth
 + Level 3.6(2.9) Spellcasting
 * Level 8.2(7.4) Conjurations
 - Level 2.1(1.5) Translocations


You had 4 spell levels left.
You knew the following spells:

 Your Spells              Type           Power        Failure   Level  Hunger
a - Magic Dart            Conj           ####         1%          1    None
b - Force Lance           Conj/Tloc      ###.....     28%         4    ####...
c - Iskenderun's Mystic   Conj           ####....     9%          4    ####...

Your spell library contained the following spells:

 Spells                   Type           Power        Failure   Level  Hunger
 Searing Ray              Conj           ####..       1%          2    ##.....
 Dazzling Spray           Conj/Hex       ###...       12%         3    ###....
 Fulminant Prism          Conj/Hex       ###.......   36%         4    ####...


Dungeon Overview and Level Annotations

Branches:
Dungeon (5/15)
 Temple: D:4-7

Altars:
Ashenzari
Cheibriados
Dithmenos
Kikubaaqudgha
Sif Muna
Trog
Xom
Zin


Innate Abilities, Weirdness & Mutations

You have a beak for a mouth.
You have claws for feet.
You can fly continuously.


Message History

"...I bring ye salvation.
To the rest, ye fetid masses..." "...and the unclean, the name of Zin shall be thy damnation."
The adder skeleton is smitten by the wrath of Zin.
The adder skeleton is heavily damaged.
You finish reciting Abominations 20:10.
You hear an angry hiss.
A gnoll comes into view. It is wielding a +0 whip.
You hit the adder skeleton. You claw the adder skeleton.
Your peck misses the adder skeleton.
The adder skeleton is almost destroyed.
The adder skeleton completely misses you.
A gnoll comes into view.
It is wielding a staff of cold and carrying a wand of acid (7).
You hit the adder skeleton.
You destroy the adder skeleton!
Zin accepts your kill.
An iguana comes into view.
A gnoll comes into view. It is wielding a +0 club.
The gnoll zaps a wand.
The bolt of acid hits you!!
Ouch! That really hurt!
You die...

.# . . ### l# .( ###.#
#####.#g.. ###...#
#.....g. #...#.#
#.....# #.###.#
#.....##.# ###.#
#.#######.@....g..
....#
#................#
#####
###.............## #
#...#.##......##
###..##.##......#
######....##.#########
........####....##
........# ####..###
........# ##...#


You could see an iguana and 3 gnolls.

Vanquished Creatures
  A sky beast (D:5)
  3 ogres
  A howler monkey (D:5)
  A bullfrog zombie (D:5)
  4 orc wizards
  A hound skeleton (D:5)
  A howler monkey skeleton (D:5)
  12 adders
  2 oozes
  An adder zombie (D:5)
  An adder skeleton (D:5)
  A worm (D:3)
  A dart slug (D:3)
  A leopard gecko (D:4)
  18 orcs
  A ball python (D:3)
  9 bats
  6 giant cockroaches
  12 hobgoblins
  6 kobolds
  3 quokkas (D:3)
  3 frilled lizards (D:1)
  2 giant cockroach zombies
  8 goblins
  A leopard gecko skeleton (D:5)
  A leopard gecko zombie (D:5)
  A quokka zombie (D:5)
  11 rats
113 creatures vanquished.

Notes
Turn   | Place    | Note
-------+----------+-------------------------------------------
     0 | D:1      | FishyPogo the Tengu Conjurer began the quest for the Orb.
     0 | D:1      | Reached XP level 1. HP: 10/10 MP: 4/4
    46 | D:1      | Reached XP level 2. HP: 3/15 MP: 0/6
   415 | D:1      | Reached XP level 3. HP: 19/19 MP: 3/7
   802 | D:2      | Found an ancient bone altar of Kikubaaqudgha.
   901 | D:2      | Reached skill level 6 in Conjurations
  1073 | D:2      | Reached XP level 4. HP: 24/24 MP: 3/8
  1079 | D:2      | Learned a level 4 spell: Force Lance
  1313 | D:2      | Found a shimmering altar of Xom.
  1672 | D:3      | Found a snail-covered altar of Cheibriados.
  1838 | D:3      | Gained mutation: You can fly continuously. [Tengu growth]
  1838 | D:3      | Reached XP level 5. HP: 18/28 MP: 2/9
  1934 | D:3      | Reached skill level 1 in Translocations
  2063 | D:3      | Reached skill level 1 in Short Blades
  2584 | D:4      | Found a shattered altar of Ashenzari.
  2818 | D:4      | Noticed an ogre
  2831 | D:4      | Killed an ogre
  2831 | D:4      | Reached XP level 6. HP: 32/32 MP: 2/11
  2839 | D:4      | Learned a level 4 spell: Iskenderun's Mystic Blast
  3074 | D:4      | Found a glowing silver altar of Zin.
  3074 | D:4      | Found a bloodstained altar of Trog.
  3077 | D:4      | Became a worshipper of Zin the Law-Giver
  3077 | D:4      | Reached * piety under Zin
  3219 | D:4      | Reached skill level 7 in Conjurations
  3219 | D:4      | Reached XP level 7. HP: 36/36 MP: 6/12
  3225 | D:4      | Found a shadowy altar of Dithmenos.
  3274 | D:4      | Found a deep blue altar of Sif Muna.
  3425 | D:5      | Entered Level 5 of the Dungeon
  3541 | D:5      | Reached skill level 5 in Dodging
  3569 | D:5      | Reached ** piety under Zin
  3825 | D:5      | Reached skill level 8 in Conjurations
  3909 | D:5      | Killed from afar by a gnoll

Skill      XL: |  1  2  3  4  5  6  7 |
---------------+----------------------+-----
Dodging        | 3 4 5 |  5.8
Conjurations   | 6 7 8 |  8.2
Translocations | 1 2 |  2.1
Short Blades   | 2 |  2.0
Spellcasting   | 3 |  3.6
Stealth        | |  2.0

Action                   |  1- 3 |  4- 6 |  7- 9 || total
-------------------------+-------+-------+-------++-------
Melee: Unarmed           |    11 |    23 |       ||    34
       Kick              |     2 |    22 |    18 ||    42
       Peck              |     1 |    12 |    13 ||    26
       Dagger            |       |    73 |    60 ||   133
 Cast: Magic Dart        |    55 |    97 |    15 ||   167
       Force Lance       |       |     1 |     3 ||     4
       Iskenderun's Myst |       |     1 |     1 ||     2
Invok: Recite            |       |       |     6 ||     6
  Use: Potion            |       |     1 |       ||     1
 Stab: Sleeping          |       |     2 |     2 ||     4
       Distracted        |       |     1 |       ||     1
  Eat: Chunk             |     1 |     9 |     3 ||    13
Armor: Robe              |     4 |    20 |    11 ||    35
Dodge: Dodged            |    10 |    69 |    33 ||   112
